[Event "Titled Tuesday Blitz May 9 Early 2023"]
[White "Kejzar, Petra"]
[Black "Shubenkova, Veronika"]
[WhiteFideId "14610213"]
[BlackFideId "44124040"]
[WhiteElo "2089"]
[BlackElo "2060"]
[Result "1/2-1/2"]
[Round "02"]
[TimeControl "180+2"]
[Date "2023.05.09"]
[WhiteClock "0:00:22"]
[BlackClock "0:00:25"]

1. e4 c6 2. Nf3 d5 3. exd5 cxd5 4. d4 Nf6 5. Be2 Nc6 6. O-O e6 7. Re1 Bd6 8. c3 O-O 9. Bg5 a6 10. Nbd2 b5 11. a3 Re8 12. Qc2 e5 13. dxe5 Nxe5 14. Nxe5 Bxe5 15. Bf3 Bb7 16. Nb3 Qc7 17. h3 Rad8 18. Bxf6 Bxf6 19. Rxe8+ Rxe8 20. Rd1 Re5 21. Nd4 g6 22. g3 Qe7 23. Bg2 Re1+ 24. Kh2 Bxd4 25. Rxd4 Re2 26. Rd2 Re5 27. Qd3 h5 28. Qd4 Qe6 29. h4 g5 30. hxg5 Rxg5 31. Qa7 h4 32. Qb8+ Kg7 33. gxh4 Qh6 34. Rd3 Rg6 35. Qe5+ Kh7 36. h5 Rg5 37. Qc7 Rxh5+ 38. Rh3 Rxh3+ 39. Bxh3 Qc6 40. Qxf7+ Kh6 41. Qf8+ Kg5 42. f4+ Kh5 43. Qf7+ Kh6 44. Qf8+ Kh5 45. Qh8+ Qh6 46. Qe5+ Kh4 47. Qe1+ Kh5 48. Qe5+ Kh4 49. Qe7+ Kh5 50. Qxb7 Qxf4+ 51. Kg2 Qd2+ 52. Kg3 Qe3+ 53. Kh2 Qf2+ 54. Bg2 Qh4+ 55. Kg1 Qe1+ 56. Bf1 Qg3+ 57. Bg2 Qe1+ 58. Kh2 Qh4+ 59. Kg1 Qe1+ 1/2-1/2


[Site "https://www.chess.com"]

[Event "Titled Tuesday Blitz May 9 Early 2023"]
[White "Umarov, Sabir"]
[Black "Levine, David"]
[WhiteFideId "14200538"]
[BlackFideId "2011611"]
[WhiteElo "2419"]
[BlackElo "2121"]
[Result "0-1"]
[Round "02"]
[TimeControl "180+2"]
[Date "2023.05.09"]
[WhiteClock "0:00:00"]
[BlackClock "0:00:39"]

1. e4 e5 2. Nf3 Nc6 3. Bc4 Nf6 4. d3 h6 5. a3 d6 6. b4 a6 7. Bb2 Bg4 8. h3 Be6 9. Nbd2 b5 10. Bxe6 fxe6 11. O-O Be7 12. c4 O-O 13. Qb3 Nh5 14. cxb5 axb5 15. Qxe6+ Kh7 16. Rac1 Nf4 17. Qg4 h5 18. Qxf4 Rxf4 19. Rxc6 g5 20. Rfc1 Rc8 21. d4 g4 22. hxg4 hxg4 23. Ne1 Bh4 24. g3 Rf7 25. dxe5 Qg5 26. e6 Rxf2 27. Kxf2 Qxd2+ 28. Kg1 Bxg3 29. Rxc7+ Kh6 30. Nd3 Rxc7 31. Rxc7 Qxd3 32. e7 Qxe4 0-1


[Site "https://www.chess.com"]

[Event "Titled Tuesday Blitz May 9 Early 2023"]
[White "Stead, Kerry"]
[Black "electrosaw"]
[WhiteFideId "3202577"]
[WhiteElo "1997"]
[BlackElo "2419"]
[Result "0-1"]
[Round "02"]
[TimeControl "180+2"]
[Date "2023.05.09"]
[WhiteClock "0:00:00"]
[BlackClock "0:01:06"]

1. d4 Nf6 2. f3 c5 3. d5 g6 4. e4 d6 5. Ne2 Bg7 6. Nec3 O-O 7. Be3 e6 8. a4 exd5 9. exd5 Re8 10. Qd2 Bh6 11. Nd1 Nxd5 12. Qxd5 Bxe3 13. Nxe3 Rxe3+ 14. Kf2 Re5 15. Qd2 Nc6 16. Nc3 Qh4+ 17. g3 Qd4+ 18. Qxd4 Nxd4 19. Bd3 Bf5 20. f4 Re6 21. Bxf5 gxf5 22. Rac1 Rae8 23. Rhe1 Kg7 24. h4 a6 25. Rxe6 fxe6 26. Ne2 Nxe2 27. Kxe2 Kf6 28. Rd1 d5 29. Kd3 Rg8 30. Rg1 b5 31. axb5 axb5 32. c3 h5 33. Ke3 Ra8 34. Rg2 Ra1 35. Kd2 Rb1 36. Kc2 Re1 37. Kd2 Ra1 38. Kc2 e5 0-1


[Site "https://www.chess.com"]

[Event "Titled Tuesday Blitz May 9 Early 2023"]
[White "Balla, Tamas-Kristof"]
[Black "Hartikainen, Jarmo"]
[WhiteFideId "1208497"]
[BlackFideId "503134"]
[WhiteElo "2334"]
[BlackElo "2110"]
[Result "1-0"]
[Round "02"]
[TimeControl "180+2"]
[Date "2023.05.09"]
[WhiteClock "0:00:21"]
[BlackClock "0:00:00"]

1. e4 c5 2. Nf3 Nc6 3. Bb5 g6 4. O-O Bg7 5. Re1 Nf6 6. c3 O-O 7. d4 cxd4 8. cxd4 d5 9. e5 Ne4 10. Nbd2 Nxd2 11. Bxd2 Bg4 12. Bxc6 bxc6 13. h3 Bf5 14. Rc1 Qb6 15. a3 Rfc8 16. Bb4 Bf8 17. e6 Bxe6 18. Ng5 Bf5 19. Bxe7 Bg7 20. Bc5 Qxb2 21. Re7 Bf6 22. Re2 Qb5 23. Be7 Bg7 24. Bc5 Re8 25. Rxe8+ Rxe8 26. Qd2 Re2 27. Qf4 h6 28. Nf3 Qb2 29. Rf1 Kh7 30. Ne5 Bxe5 31. dxe5 Be6 32. Qa4 1-0


[Site "https://www.chess.com"]

[Event "Titled Tuesday Blitz May 9 Early 2023"]
[White "Levitan, Ronit"]
[Black "Khromkin"]
[WhiteFideId "2815109"]
[WhiteElo "1930"]
[BlackElo "2413"]
[Result "0-1"]
[Round "02"]
[TimeControl "180+2"]
[Date "2023.05.09"]
[WhiteClock "0:00:10"]
[BlackClock "0:01:35"]

1. e4 c5 2. c3 Nc6 3. d4 d5 4. exd5 Qxd5 5. Nf3 Bg4 6. Be2 cxd4 7. cxd4 e6 8. h3 Bh5 9. Nc3 Qa5 10. O-O Rd8 11. Qb3 Qb4 12. Qxb4 Bxb4 13. g4 Bg6 14. Be3 h5 15. Kg2 Nf6 16. g5 Ne4 17. Rac1 h4 18. a3 Nxc3 19. bxc3 Bxa3 20. Ra1 Bb2 21. Ra2 Bxc3 22. Rd1 Be4 23. Bb5 a6 24. Ba4 Ke7 25. Bxc6 Bxc6 26. Rc2 Bb4 27. Rxc6 bxc6 28. Ne5 Rc8 29. g6 f6 30. Nf7 Rh5 31. Rb1 a5 32. Rc1 c5 33. dxc5 Bxc5 34. Rb1 Bb4 35. Rd1 Rd5 36. Re1 Bxe1 0-1


[Site "https://www.chess.com"]

[Event "Titled Tuesday Blitz May 9 Early 2023"]
[White "Federzoni, Enzo"]
[Black "Butti, Enrique"]
[WhiteFideId "2173301"]
[BlackFideId "3700470"]
[WhiteElo "2039"]
[BlackElo "2080"]
[Result "0-1"]
[Round "02"]
[TimeControl "180+2"]
[Date "2023.05.09"]
[WhiteClock "0:00:00"]
[BlackClock "0:00:54"]

1. e4 c5 2. Nf3 d6 3. d4 cxd4 4. Nxd4 Nf6 5. Nc3 a6 6. Be2 e6 7. Be3 Nbd7 8. O-O b5 9. f4 Bb7 10. Bf3 Rc8 11. a3 Rxc3 12. bxc3 Nxe4 13. Qe1 Qc7 14. Bxe4 Bxe4 15. f5 e5 16. Bd2 Bb7 17. a4 bxa4 18. Qe2 Nc5 19. c4 Be7 20. f6 Bxf6 21. Rxf6 gxf6 22. Nf5 Rg8 23. g3 Qc6 24. Kf2 Ne4+ 25. Ke1 Nxd2 26. Kxd2 d5 27. Rb1 dxc4 28. Rxb7 Rg5 29. Re7+ Kf8 30. Qf2 Rxf5 31. Qxf5 Kxe7 32. Qxh7 c3+ 33. Kd3 a3 34. Qh4 a2 0-1


[Site "https://www.chess.com"]

[Event "Titled Tuesday Blitz May 9 Early 2023"]
[White "Cramling Bellon, Anna"]
[Black "Chan, Kim Yew"]
[WhiteFideId "32009232"]
[BlackFideId "5717981"]
[WhiteElo "1976"]
[BlackElo "2206"]
[Result "0-1"]
[Round "02"]
[TimeControl "180+2"]
[Date "2023.05.09"]
[WhiteClock "0:00:08"]
[BlackClock "0:00:13"]

1. e3 d5 2. d3 e5 3. Ne2 Nf6 4. Nd2 c5 5. Ng3 Nc6 6. Nb3 Be7 7. Be2 O-O 8. O-O Be6 9. e4 d4 10. c3 Rc8 11. f4 exf4 12. Bxf4 Bd6 13. Bg5 Be7 14. Nf5 Bxf5 15. Rxf5 dxc3 16. bxc3 c4 17. e5 Nd7 18. Bxe7 Nxe7 19. Nd4 Nxf5 20. Nxf5 cxd3 21. Bxd3 Nxe5 22. Be4 b6 23. Qe2 Ng6 24. Rd1 Qc7 25. Qf3 Qxc3 26. Qg4 Rcd8 27. Rxd8 Rxd8 28. h4 Qa1+ 29. Kh2 Qe5+ 30. Kh3 Nf4+ 31. Kg3 Ng6+ 32. Kf2 Qf4+ 33. Qxf4 Nxf4 34. Ne7+ Kf8 35. Nc6 Rd7 36. g3 Ne6 37. Bf5 Rc7 38. Ne5 Rc3 39. Nd3 Ra3 40. Nc1 Rc3 41. Ne2 Rc5 42. Bb1 Ra5 43. Kf3 Nc5 44. Nc3 Ra3 45. Kf4 Rxc3 46. Bxh7 g6 47. Bxg6 fxg6 48. Kg5 Kg7 49. h5 Ne6+ 50. Kh4 gxh5 51. a4 Rc4+ 52. Kxh5 Rc5+ 53. Kh4 Rg5 54. g4 a6 55. a5 bxa5 56. Kh3 a4 57. Kh2 a3 58. Kh1 Rb5 59. Kh2 a2 60. g5 a1=Q 61. g6 Qe5+ 62. Kh3 Qe3+ 63. Kh2 Rb2+ 64. Kh1 Qc1# 0-1


[Site "https://www.chess.com"]

[Event "Titled Tuesday Blitz May 9 Early 2023"]
[White "Szyszylo, Rafal"]
[Black "Torres Dominguez, David"]
[WhiteFideId "1109626"]
[BlackFideId "2220857"]
[WhiteElo "1951"]
[BlackElo "1999"]
[Result "1-0"]
[Round "02"]
[TimeControl "180+2"]
[Date "2023.05.09"]
[WhiteClock "0:01:14"]
[BlackClock "0:01:20"]

1. e4 Nc6 2. Nf3 e5 3. Bb5 Nge7 4. c3 g6 5. d4 Bg7 6. O-O O-O 7. h3 d5 8. exd5 Qxd5 9. c4 Qd6 10. d5 Nd4 11. Nxd4 exd4 12. b3 c6 13. Ba3 c5 14. Nd2 f5 15. Rb1 Rb8 16. b4 b6 17. bxc5 bxc5 18. Nb3 f4 19. Bxc5 Qd8 20. Nxd4 f3 21. Re1 Rf7 22. Nxf3 Nf5 23. Re8+ Qxe8 24. Bxe8 Rc7 25. Rxb8 1-0


[Site "https://www.chess.com"]

[Event "Titled Tuesday Blitz May 9 Early 2023"]
[White "Maranhao,Jose Renato Ruiz"]
[Black "Gheorghiu, Calin"]
[WhiteFideId "2135175"]
[BlackFideId "1200305"]
[WhiteElo "1970"]
[BlackElo "2223"]
[Result "0-1"]
[Round "02"]
[TimeControl "180+2"]
[Date "2023.05.09"]
[WhiteClock "0:00:00"]
[BlackClock "0:00:14"]

1. e4 c5 2. Nf3 d6 3. d4 cxd4 4. Nxd4 Nf6 5. Nc3 a6 6. Bd3 g6 7. O-O Bg7 8. h3 O-O 9. Be3 Nc6 10. a3 Bd7 11. Qd2 Rc8 12. Nxc6 Bxc6 13. Bh6 b5 14. Rad1 Qb6 15. Kh2 Rfd8 16. Bxg7 Kxg7 17. f4 a5 18. b4 axb4 19. axb4 d5 20. e5 Ne4 21. Qe1 Nxc3 22. Qxc3 d4 23. Qe1 e6 24. Ra1 Bd5 25. Qh4 Bc4 26. Qf6+ Kg8 27. f5 Bxd3 28. cxd3 Rf8 29. fxg6 fxg6 30. Qg5 Qb7 31. Qg4 Rf5 32. Qe4 Qxe4 33. dxe4 Rxf1 34. Rxf1 Rc4 35. Rf6 Rxb4 36. Rxe6 d3 37. Rd6 Rxe4 38. Rxd3 Rxe5 39. Rb3 h5 40. Kg3 g5 41. Kf3 Kg7 42. g4 h4 43. Rb2 Kf6 44. Rc2 b4 45. Rc6+ Re6 46. Rc5 Rb6 47. Ke4 b3 48. Rc1 b2 49. Rb1 Rb3 50. Kd4 Kg6 51. Kc4 Rb6 52. Kc3 Kf6 53. Rg1 b1=Q 0-1


[Site "https://www.chess.com"]

[Event "Titled Tuesday Blitz May 9 Early 2023"]
[White "Maluco_do_Natal_00"]
[Black "Fan_Of_Chucky"]
[WhiteElo "2023"]
[BlackElo "2405"]
[Result "0-1"]
[Round "02"]
[TimeControl "180+2"]
[Date "2023.05.09"]
[WhiteClock "0:00:00"]
[BlackClock "0:00:17"]

1. e4 c5 2. Nf3 Nc6 3. d4 cxd4 4. Nxd4 Nf6 5. Nc3 d6 6. Be3 e6 7. Qd2 Be7 8. f3 Bd7 9. Ndb5 d5 10. exd5 Nxd5 11. Nxd5 exd5 12. Qxd5 Nb4 13. Qb3 Be6 14. c4 Qa5 15. Nc3 b5 16. Kf2 bxc4 17. Bxc4 Rb8 18. Bxe6 Nd3+ 19. Ke2 Rxb3 20. Bxb3 Nc5 21. Bxc5 Bxc5 22. Ba4+ Kd8 23. Rad1+ Kc8 24. Rd3 Bb4 25. Rhd1 Bxc3 26. Rxc3+ Kb8 27. Bc6 Rc8 28. Kf1 Qa6+ 0-1


[Site "https://www.chess.com"]

[Event "Titled Tuesday Blitz May 9 Early 2023"]
[White "Golubev, Mikhail"]
[Black "Castillo Pena, Patricia Evarista"]
[WhiteFideId "14100983"]
[BlackFideId "6412106"]
[WhiteElo "2374"]
[BlackElo "1919"]
[Result "1-0"]
[Round "02"]
[TimeControl "180+2"]
[Date "2023.05.09"]
[WhiteClock "0:00:37"]
[BlackClock "0:00:43"]

1. e4 c5 2. Nf3 d6 3. d4 cxd4 4. Nxd4 Nf6 5. Nc3 a6 6. Bc4 e6 7. O-O Be7 8. Bb3 O-O 9. f4 Nbd7 10. Be3 Nc5 11. Qf3 Qc7 12. g4 Nxb3 13. axb3 b5 14. Ndxb5 axb5 15. Rxa8 b4 16. Ra7 Qd8 17. Na4 d5 18. e5 Ne4 19. Rd1 Bd7 20. Rxd7 Qxd7 21. Qxe4 Qxa4 22. bxa4 dxe4 23. Rd7 Re8 24. a5 Kf8 25. a6 Rc8 26. a7 Ke8 27. Rb7 1-0


[Site "https://www.chess.com"]

[Event "Titled Tuesday Blitz May 9 Early 2023"]
[White "Vargas, Mauricio"]
[Black "Tarasova, Viktoriya"]
[WhiteFideId "4404572"]
[BlackFideId "4175840"]
[WhiteElo "1986"]
[BlackElo "2182"]
[Result "0-1"]
[Round "02"]
[TimeControl "180+2"]
[Date "2023.05.09"]
[WhiteClock "0:00:00"]
[BlackClock "0:02:07"]

1. e4 e5 2. Nf3 Nc6 3. d4 exd4 4. Bc4 Bc5 5. c3 Nf6 6. e5 d5 7. Bb5 Ne4 8. cxd4 Bb6 9. O-O O-O 10. Nc3 Bg4 11. h3 Bxf3 12. gxf3 Ng5 13. h4 Ne6 14. Kg2 Ncxd4 15. Bd3 f6 16. exf6 Rxf6 17. Bg5 Nxg5 18. hxg5 Rxf3 19. Bxh7+ Kxh7 0-1


[Site "https://www.chess.com"]

[Event "Titled Tuesday Blitz May 9 Early 2023"]
[White "Feinig, Mario"]
[Black "Sanchez, Robert"]
[WhiteFideId "1618113"]
[BlackFideId "2034360"]
[WhiteElo "2163"]
[BlackElo "1868"]
[Result "1-0"]
[Round "02"]
[TimeControl "180+2"]
[Date "2023.05.09"]
[WhiteClock "0:00:29"]
[BlackClock "0:01:37"]

1. e4 e6 2. d3 d5 3. Nd2 dxe4 4. dxe4 e5 5. Bc4 Nc6 6. Ngf3 Bc5 7. O-O Nf6 8. a3 O-O 9. b4 Bd6 10. c3 Ne7 11. Qb3 h6 12. Rd1 c6 13. a4 Qc7 14. Ba3 Bg4 15. Be2 Ng6 16. h3 Be6 17. Bc4 Bxc4 18. Nxc4 Rad8 19. Nxd6 Rxd6 20. Qc4 Rfd8 21. Rxd6 Rxd6 22. b5 Re6 23. Rd1 Qb6 24. Bc5 cxb5 25. axb5 Qc7 26. Qb4 Nxe4 27. Bxa7 Nxc3 28. Rd2 Nf4 29. Kf1 Nce2 30. Rxe2 Nxe2 31. Kxe2 b6 32. Qa4 Re7 33. Bxb6 Qxb6 34. Qa8+ Kh7 35. Qe4+ 1-0


[Site "https://www.chess.com"]

[Event "Titled Tuesday Blitz May 9 Early 2023"]
[White "Panico, Nick"]
[Black "Mika, Tomasz"]
[WhiteFideId "2026724"]
[BlackFideId "1132970"]
[WhiteElo "1982"]
[BlackElo "2179"]
[Result "0-1"]
[Round "02"]
[TimeControl "180+2"]
[Date "2023.05.09"]
[WhiteClock "0:00:54"]
[BlackClock "0:00:30"]

1. f4 Nh6 2. e4 d5 3. e5 g6 4. Nf3 Bg4 5. h3 Bxf3 6. Qxf3 Bg7 7. c3 O-O 8. d4 f6 9. exf6 exf6 10. Be3 Re8 11. g4 Qe7 12. Kf2 c6 13. Bg2 f5 14. g5 Nf7 15. Re1 Nd6 16. Nd2 Ne4+ 17. Nxe4 fxe4 18. Qg4 Na6 19. h4 Rf8 20. Kg1 c5 21. Rad1 c4 22. h5 Nc7 23. Bh3 b5 24. a3 a5 25. Re2 b4 26. axb4 axb4 27. Rh2 Ra2 28. Rdd2 Rb8 29. hxg6 hxg6 30. Qd7 Qxd7 31. Bxd7 Kf7 32. f5 bxc3 33. bxc3 Rb1+ 34. Kf2 Rbb2 35. Kg3 Rxd2 36. Rxd2 Rxd2 37. Bxd2 Ke7 38. f6+ Bxf6 39. gxf6+ Kxd7 40. Kg4 Ke6 41. Kg5 Kf7 42. Bf4 Ne6+ 43. Kg4 Nxf4 44. Kxf4 Kxf6 0-1


[Site "https://www.chess.com"]

[Event "Titled Tuesday Blitz May 9 Early 2023"]
[White "Palacio,Igor Da Paz"]
[Black "Rios Escobar, Adan"]
[WhiteFideId "2121140"]
[BlackFideId "3403645"]
[WhiteElo "2126"]
[BlackElo "2439"]
[Result "1-0"]
[Round "02"]
[TimeControl "180+2"]
[Date "2023.05.09"]
[WhiteClock "0:00:08"]
[BlackClock "0:00:00"]

1. e4 c5 2. Nc3 d6 3. g3 g6 4. Bg2 Bg7 5. d3 e6 6. f4 Nc6 7. Nf3 Rb8 8. O-O b5 9. a3 a5 10. Ne2 b4 11. axb4 axb4 12. Rb1 h5 13. Be3 Nf6 14. h3 O-O 15. Bf2 Nd7 16. Kh2 Qc7 17. Qd2 Ba6 18. Rfe1 Rb6 19. Rec1 Rfb8 20. h4 Nf6 21. Bh3 Qe7 22. Kg2 Ng4 23. Bg1 Bb7 24. Nh2 f5 25. Nf3 c4 26. Bxg4 hxg4 27. Bxb6 gxf3+ 28. Kxf3 e5 29. Kg2 exf4 30. Qxf4 Ne5 31. Rd1 Kh7 32. Ba7 Rc8 33. h5 Bh6 34. hxg6+ Kxg6 35. Qxf5+ Kg7 36. Nf4 1-0


[Site "https://www.chess.com"]

[Event "Titled Tuesday Blitz May 9 Early 2023"]
[White "Klukin, Kirill"]
[Black "Carlsen, Magnus"]
[WhiteFideId "24199273"]
[BlackFideId "1503014"]
[WhiteElo "2344"]
[BlackElo "2852"]
[Result "0-1"]
[Round "03"]
[TimeControl "180+2"]
[Date "2023.05.09"]
[WhiteClock "0:00:14"]
[BlackClock "0:02:13"]

1. d4 c6 2. Nf3 Nf6 3. c4 b6 4. Nc3 e6 5. Bg5 h6 6. Bh4 d6 7. e4 g5 8. Bg3 Nh5 9. Be2 Bg7 10. Qc2 Nxg3 11. hxg3 c5 12. dxc5 dxc5 13. Rd1 Qe7 14. Nb5 Nc6 15. Nd6+ Kf8 16. Nxc8 Rxc8 17. O-O g4 18. Ne1 h5 19. Qd3 Bxb2 20. Nc2 Nd4 21. Nxd4 Bxd4 22. Qa3 Rd8 23. Rd3 Kg7 24. Rfd1 Qf6 25. Rf1 Qg6 26. Qxa7 Qxe4 27. Re1 h4 28. gxh4 Rxh4 29. Rg3 Rdh8 0-1


[Site "https://www.chess.com"]

[Event "Titled Tuesday Blitz May 9 Early 2023"]
[White "Nakamura, Hikaru"]
[Black "Csonka, Balazs"]
[WhiteFideId "2016192"]
[BlackFideId "742910"]
[WhiteElo "2885"]
[BlackElo "2404"]
[Result "1-0"]
[Round "03"]
[TimeControl "180+2"]
[Date "2023.05.09"]
[WhiteClock "0:00:43"]
[BlackClock "0:00:02"]

1. Nf3 Nf6 2. b3 g6 3. e3 Bg7 4. Bb2 O-O 5. d4 d5 6. c4 c5 7. dxc5 Na6 8. c6 bxc6 9. Be2 Nc5 10. O-O a5 11. Qc1 Nce4 12. Nc3 Nxc3 13. Bxc3 Bg4 14. Rd1 Qb6 15. Qb2 Rfd8 16. cxd5 Bxf3 17. Bxf3 cxd5 18. Rd3 a4 19. b4 a3 20. Qb3 e6 21. Rad1 Nd7 22. e4 Bxc3 23. Qxc3 Rac8 24. Qa1 Qxb4 25. exd5 Nc5 26. R3d2 Rd6 27. h4 Qxh4 28. dxe6 Rxe6 29. Qc3 Qf6 30. Qxa3 Kg7 31. Bg4 Ra6 32. Qb4 Rcc6 33. Bf3 Rc7 34. Qb8 Qb6 35. Qe8 Rb7 36. Rd8 Rc7 37. Qe5+ f6 38. Qe8 Kh6 39. Qf8+ Kg5 40. R8d6 Qb2 41. R1d5+ f5 42. Rxf5+ gxf5 43. Qh6# 1-0


[Site "https://www.chess.com"]

[Event "Titled Tuesday Blitz May 9 Early 2023"]
[White "Andreikin, Dmitry"]
[Black "Kvaloy, Aksel Bu"]
[WhiteFideId "4158814"]
[BlackFideId "1528815"]
[WhiteElo "2736"]
[BlackElo "2242"]
[Result "1-0"]
[Round "03"]
[TimeControl "180+2"]
[Date "2023.05.09"]
[WhiteClock "0:01:09"]
[BlackClock "0:00:26"]

1. d4 Nf6 2. c4 e6 3. Nf3 d5 4. Bg5 dxc4 5. e4 h6 6. Bxf6 Qxf6 7. Bxc4 c5 8. e5 Qd8 9. d5 exd5 10. Bxd5 Be7 11. Nc3 O-O 12. Qb3 Nc6 13. O-O-O Qc7 14. Rhe1 Bg4 15. e6 Bxf3 16. exf7+ Kh8 17. gxf3 Nd4 18. Qxb7 Bg5+ 19. Kb1 Qxb7 20. Bxb7 Rab8 21. Bd5 Bf6 22. Ne4 Nb5 23. Nxf6 gxf6 24. Rc1 Nd6 25. Re7 Rb5 26. Rg1 Rbb8 27. Rg8+ Rxg8 28. fxg8=Q+ Rxg8 29. Bxg8 Kxg8 30. Rxa7 Nc4 31. a4 Nd2+ 32. Kc1 Nxf3 33. a5 Nd4 34. a6 c4 35. Rb7 Nc6 36. a7 Nxa7 37. Rxa7 c3 38. bxc3 f5 39. c4 f4 40. c5 f3 41. c6 h5 42. Rd7 h4 43. c7 h3 44. c8=Q# 1-0


[Site "https://www.chess.com"]

[Event "Titled Tuesday Blitz May 9 Early 2023"]
[White "Wagner, Dennis"]
[Black "Bluebaum, Matthias"]
[WhiteFideId "24650684"]
[BlackFideId "24651516"]
[WhiteElo "2478"]
[BlackElo "2639"]
[Result "0-1"]
[Round "03"]
[TimeControl "180+2"]
[Date "2023.05.09"]
[WhiteClock "0:00:04"]
[BlackClock "0:00:33"]

1. d4 d5 2. Nf3 e6 3. c4 Nf6 4. g3 Nc6 5. Bg2 Bd6 6. O-O O-O 7. Qc2 dxc4 8. Rd1 b5 9. Ne5 Nb4 10. Qd2 c6 11. a3 Nbd5 12. Nxc6 Qc7 13. Nb4 Bb7 14. Nxd5 exd5 15. Nc3 Bc6 16. Qc2 h6 17. e4 dxe4 18. Nxe4 Bxe4 19. Bxe4 Nxe4 20. Qxe4 Rfe8 21. Qf3 Rad8 22. Be3 Be7 23. d5 Bf6 24. Rd2 Qd7 25. Rad1 Re5 26. Kg2 Rf5 27. Qe4 Re8 28. Qc2 Rfe5 29. Bf4 Re4 30. Be3 a5 31. h4 b4 32. axb4 axb4 33. Kg1 Qd6 34. Bf4 Rxf4 35. gxf4 Qxf4 36. d6 Be5 37. d7 Qh2+ 38. Kf1 Qh3+ 39. Ke2 Qg4+ 40. Kf1 Rd8 41. Rd5 b3 42. Qe2 Qh3+ 43. Ke1 Qh1+ 44. Kd2 Qxd5+ 45. Kc1 Qa5 46. Qxc4 Qa1+ 47. Kd2 Rxd7+ 48. Ke3 Qxd1 49. Qc8+ Kh7 50. Qc2+ bxc2 0-1


[Site "https://www.chess.com"]

[Event "Titled Tuesday Blitz May 9 Early 2023"]
[White "Martinez Alcantara, Jose Eduardo"]
[Black "Rozman, Levy"]
[WhiteFideId "3805662"]
[BlackFideId "2039877"]
[WhiteElo "2711"]
[BlackElo "2376"]
[Result "1-0"]
[Round "03"]
[TimeControl "180+2"]
[Date "2023.05.09"]
[WhiteClock "0:01:02"]
[BlackClock "0:00:00"]

1. e4 c6 2. d4 d5 3. e5 c5 4. dxc5 e6 5. c3 Nd7 6. Nf3 Nxc5 7. Be3 Nh6 8. Nbd2 Nf5 9. Bd4 Be7 10. Be2 O-O 11. O-O Nxd4 12. Nxd4 f6 13. N2f3 Qc7 14. exf6 Bxf6 15. c4 a6 16. Rc1 Qd6 17. cxd5 exd5 18. b4 Ne4 19. b5 Bd7 20. a3 Rac8 21. Qd3 axb5 22. Nxb5 Bxb5 23. Qxb5 Nc3 24. Qd3 Qxa3 25. Kh1 b5 26. Nd2 b4 27. Bg4 Rcd8 28. Ra1 Qb2 29. Ra7 b3 30. Bf5 h6 31. Be6+ Kh8 32. Qg6 Bd4 33. Nf3 Bxa7 34. Ng5 Qc2 35. Nf7+ Rxf7 36. Qxf7 b2 37. Bf5 b1=Q 38. Rxb1 Qxb1+ 39. Bxb1 Nxb1 40. Qxa7 Nd2 41. h3 Ne4 42. f3 Ng3+ 43. Kh2 Nf5 44. Qf7 Nd6 45. Qe7 1-0


[Site "https://www.chess.com"]

[Event "Titled Tuesday Blitz May 9 Early 2023"]
[White "Bortnyk, Olexandr"]
[Black "Hasangatin, Ramil"]
[WhiteFideId "14120828"]
[BlackFideId "4122160"]
[WhiteElo "2734"]
[BlackElo "2279"]
[Result "1-0"]
[Round "03"]
[TimeControl "180+2"]
[Date "2023.05.09"]
[WhiteClock "0:00:57"]
[BlackClock "0:00:01"]

1. d4 d6 2. e4 Nf6 3. Nc3 e5 4. Nf3 Nbd7 5. Bc4 Be7 6. O-O O-O 7. a4 c6 8. Re1 exd4 9. Nxd4 Ne5 10. Bb3 Re8 11. h3 Bf8 12. Bf4 a6 13. a5 Bd7 14. Bh2 Ng6 15. Qd3 Ne5 16. Qd1 Qc7 17. f4 Ng6 18. Qd3 c5 19. Bxf7+ Kxf7 20. Qc4+ Ke7 21. e5 Kd8 22. Nf3 Be6 23. Qd3 c4 24. Qd2 Nd7 25. Ng5 dxe5 26. Nxe6+ Rxe6 27. f5 Rd6 28. Qg5+ Be7 29. Qh5 Nf4 30. Qxh7 Nf6 31. Qxg7 Rd7 32. Qh8+ Ne8 33. Rxe5 Bf6 34. Qxe8# 1-0


[Site "https://www.chess.com"]

[Event "Titled Tuesday Blitz May 9 Early 2023"]
[White "Hakobyan, Aram"]
[Black "Goltsev, Dmitry"]
[WhiteFideId "13306677"]
[BlackFideId "24176710"]
[WhiteElo "2584"]
[BlackElo "2356"]
[Result "1-0"]
[Round "03"]
[TimeControl "180+2"]
[Date "2023.05.09"]
[WhiteClock "0:00:38"]
[BlackClock "0:00:00"]

1. d4 Nf6 2. c4 e6 3. Nc3 d5 4. Nf3 dxc4 5. e3 c5 6. Bxc4 cxd4 7. exd4 Nc6 8. O-O Bd6 9. Re1 O-O 10. Bg5 h6 11. Bh4 a6 12. a3 b5 13. Ba2 Bb7 14. Qd3 Ne7 15. Bxf6 gxf6 16. Rad1 Ng6 17. d5 Nf4 18. Qd2 e5 19. g3 Nh3+ 20. Kg2 Ng5 21. Nh4 Qd7 22. Bb1 Qh3+ 23. Kh1 Bc8 24. Ne4 Be7 25. f3 f5 26. Nf2 Nxf3 27. Nxh3 Nxd2 28. Rxd2 Bxh4 29. gxh4 f6 30. d6 Kf7 31. d7 Bb7+ 32. Kg1 Rg8+ 33. Kf1 Ke6 34. Nf4+ Ke7 35. Bxf5 Rad8 36. Ng6+ Kf7 37. Rc1 Bf3 38. Rd6 Rg7 39. Rc8 Rgg8 40. Be6+ 1-0


[Site "https://www.chess.com"]

[Event "Titled Tuesday Blitz May 9 Early 2023"]
[White "Concio, Michael Jr."]
[Black "Tang, Andrew"]
[WhiteFideId "5217873"]
[BlackFideId "2059630"]
[WhiteElo "2263"]
[BlackElo "2596"]
[Result "1-0"]
[Round "03"]
[TimeControl "180+2"]
[Date "2023.05.09"]
[WhiteClock "0:00:01"]
[BlackClock "0:00:00"]

1. e4 e5 2. Nf3 Nc6 3. Nc3 Nf6 4. Be2 g6 5. O-O Bg7 6. d4 exd4 7. Nxd4 O-O 8. Nxc6 bxc6 9. e5 Nd5 10. Nxd5 cxd5 11. Qxd5 Rb8 12. c3 Re8 13. Bc4 Qe7 14. Re1 Bb7 15. Qa5 d6 16. e6 Kh8 17. Bd2 f5 18. g3 d5 19. Bd3 d4 20. cxd4 Qd6 21. Qc5 Qxc5 22. dxc5 Rbd8 23. Re3 Bd4 24. Bb5 c6 25. Rd3 cxb5 26. Rxd4 Kg8 27. Rxd8 Rxd8 28. Bg5 Rd3 29. Re1 Kf8 30. h4 Ke8 31. e7 Bd5 32. h5 1-0


[Site "https://www.chess.com"]

[Event "Titled Tuesday Blitz May 9 Early 2023"]
[White "Karthik Rajaa"]
[Black "Terry, Renato"]
[WhiteFideId "25035215"]
[BlackFideId "3803457"]
[WhiteElo "2215"]
[BlackElo "2575"]
[Result "1/2-1/2"]
[Round "03"]
[TimeControl "180+2"]
[Date "2023.05.09"]
[WhiteClock "0:00:04"]
[BlackClock "0:00:07"]

1. Nf3 d5 2. c4 d4 3. b4 f6 4. Na3 e5 5. Nc2 Nh6 6. d3 Nf7 7. g3 a5 8. b5 Nd7 9. Bg2 Nc5 10. O-O Be7 11. Ba3 O-O 12. e3 dxe3 13. Nxe3 Re8 14. d4 exd4 15. Nxd4 Rb8 16. Nd5 Bf8 17. Qc2 Bd7 18. Rad1 c6 19. bxc6 bxc6 20. Nf4 Qc7 21. Rfe1 Bg4 22. Rb1 Rxb1 23. Qxb1 Rxe1+ 24. Qxe1 Ne5 25. Nxc6 Nxc6 26. Bxc5 Ne5 27. Bxf8 Kxf8 28. h3 Bf5 29. Nd5 Qc5 30. Ne3 Be6 31. Qd2 Ke7 32. Nd5+ Kf7 33. Ne3 a4 34. Qc3 Ke7 35. h4 Kd6 36. Qd2+ Ke7 37. Qc2 g6 38. Qxa4 Qd4 39. Qb4+ Kf7 40. a4 f5 41. Qe1 Nd3 42. Qd2 Qa1+ 43. Kh2 Ne5 44. Qa5 Kf6 45. Qa7 h6 46. Qb8 Kf7 47. Qc7+ Kf6 48. Qd8+ Kf7 49. Qc7+ Kf6 50. Qd8+ Kf7 51. Qc7+ 1/2-1/2


[Site "https://www.chess.com"]

[Event "Titled Tuesday Blitz May 9 Early 2023"]
[White "Sarana, Alexey"]
[Black "Shuvalova, Polina"]
[WhiteFideId "24133795"]
[BlackFideId "24171760"]
[WhiteElo "2714"]
[BlackElo "2281"]
[Result "1-0"]
[Round "03"]
[TimeControl "180+2"]
[Date "2023.05.09"]
[WhiteClock "0:00:44"]
[BlackClock "0:00:00"]

1. d4 Nf6 2. c4 e6 3. Nc3 d5 4. cxd5 Nxd5 5. e4 Nxc3 6. bxc3 c5 7. Rb1 Be7 8. Nf3 O-O 9. h4 b6 10. h5 h6 11. Rh3 Kh8 12. Rg3 cxd4 13. cxd4 Bb7 14. Bd3 Nc6 15. Bb2 Nb4 16. d5 Bf6 17. e5 Bh4 18. Rg4 Nxd3+ 19. Qxd3 Bg5 20. d6 Rc8 21. Nxg5 hxg5 22. Qd2 Rc5 23. Rxg5 Qd7 24. h6 g6 25. Qf4 Qd8 26. Ba3 Ra5 27. Rb3 Bd5 28. Rc3 Kh7 29. Rc7 Rxa3 30. Rxf7+ Rxf7 31. Qxf7+ 1-0


[Site "https://www.chess.com"]